 Dungeon Crawl Stone Soup version 0.31-a0-354-g827e095 (webtiles) character file.

Game seed: 13165379046477862158

1706 Dawnplanks the Cleaver (level 9, -6/75 HPs)
             Began as a Hill Orc Fighter on July 23, 2023.
             Mangled by a hornet (9 damage)
             ... on level 7 of the Dungeon.
             The game lasted 00:09:48 (5194 turns).

Dawnplanks the Cleaver (Hill Orc Fighter)           Turns: 5194, Time: 00:09:48

Health: -6/75      AC: 18    Str: 23    XL:     9   Next: 3%
Magic:  9/9        EV:  6    Int:  8    God:
Gold:   322        SH:  4    Dex: 10    Spells: 8/8 levels left

rFire   . . .        a - +0 war axe
rCold   . . .        c - +0 buckler
rNeg    . . .        v - +0 plate armour
rPois   .            (no helmet)
rElec   .            (no cloak)
rCorr   .            (no gloves)
SInv    .            B - +0 pair of boots
Will    .....        s - amulet of the acrobat Stlth
                     p - ring of flight
HPRegen 0.32/turn    H - +4 ring of protection
MPRegen 0.11/turn

%: acrobat
@: lethally poisoned (-6 -> -19), flying, slowed, very slow
A: no striking features
a: no special abilities


You were on level 7 of the Dungeon.
You visited 2 branches of the dungeon, and saw 8 of its levels.

You collected 322 gold pieces.

Inventory:

Hand Weapons
 a - a +0 war axe (weapon)
 A - a +0 flail of protection
Missiles
 E - 2 silver boomerangs (quivered)
 I - a throwing net
Armour
 c - a +0 buckler (worn)
 v - a +0 plate armour (worn)
 B - a +0 pair of boots (worn)
Jewellery
 b - a ring of wizardry
 p - a ring of flight (left hand)
 s - an amulet of the acrobat (around neck)
 t - an amulet of faith
 H - a +4 ring of protection (right hand)
Wands
 u - a wand of mindburst (19)
 x - a wand of flame (14)
 y - a wand of polymorph (11)
Scrolls
 e - 2 scrolls of enchant armour {unknown}
 f - 3 scrolls of fog {unknown}
 j - 3 scrolls of fear {unknown}
 k - a scroll of revelation {unknown}
 m - 4 scrolls of identify {unknown}
 n - 3 scrolls of noise {unknown}
 r - a scroll of teleportation {unknown}
 D - a scroll of butterflies {unknown}
 F - a scroll of blinking {unknown}
Potions
 d - a potion of might
 g - 4 potions of heal wounds
 h - a potion of attraction {unknown}
 i - a potion of invisibility {unknown}
 l - a potion of cancellation {unknown}
 o - a potion of enlightenment {unknown}
 q - a potion of brilliance {unknown}
 w - a potion of haste {unknown}
 z - 2 potions of lignification {unknown}
 C - 3 potions of curing {unknown}
 G - a potion of magic {unknown}


   Skills:
 + Level 6.2 Fighting
 * Level 11.7 Axes
 + Level 6.2 Armour
 + Level 0.2 Dodging
 + Level 4.4 Shields


You had 8 spell levels left.
You didn't know any spells.
Your spell library contained the following spells:

 Spells                   Type           Power      Damage    Failure   Level
 Necrotise                Necr           0%         1d4       100%        1
 Call Canine Familiar     Summ           0%         N/A       100%        3
 Dazzling Flash           Conj/Hex       0%         N/A       100%        3
 Portal Projectile        Hex/Tloc       0%         N/A       100%        3
 Vampiric Draining        Necr           0%         2d6       100%        3
 Volatile Blastmotes      Fire/Tloc      0%         2d10      100%        3
 Leda's Liquefaction      Hex/Erth       0%         N/A       100%        4
 Agony                    Necr           0%         N/A       100%        5
 Starburst                Conj/Fire      0%         6d3       100%        6
 Maxwell's Capacitive Co  Air            0%         ∞         100%        8


Dungeon Overview and Level Annotations

Branches:
Dungeon (7/15)             Temple (1/1) D:5

Altars:
Ashenzari
Cheibriados
Dithmenos
Elyvilon
Fedhas
Gozag
Hepliaklqana
Kikubaaqudgha
Makhleb
Nemelex Xobeh
Qazlal
Ru
Sif Muna
Trog
Uskayaw
Vehumet
Wu Jian
Xom
Yredelemnul
Zin
The Shining One

Annotations:
D:3 2 transporters, PiratePeteNZ's ghost, amateur DjCj
D:5 3 runed translucent doors, TWOBALLS's ghost, novice VSFi


Message History

The hornet stings you!
You feel as though you will be slow longer.
The hornet stings you.
You are more poisoned.
You shrug off the repeated paralysis!
You feel very sick. The hornet stings you!
* * * LOW HITPOINT WARNING * * *
You are more poisoned.
You feel as though you will be slow longer.
You can move again.
You closely miss the hornet.
The hornet is heavily wounded.
* * * LOW HITPOINT WARNING * * *
You feel extremely sick.
The hornet stings you but does no damage. x2
It was a potion of heal wounds.
You feel much better.
You feel very sick.
The hornet stings you but does no damage.
The hornet stings you.
You are more poisoned.
You feel as though you will be slow longer.
The hornet stings you but does no damage.
You barely miss the hornet.
The hornet is heavily wounded.
* * * LOW HITPOINT WARNING * * *
You feel extremely sick.
The hornet stings you but does no damage.
The hornet stings you.
* * * LOW HITPOINT WARNING * * *
You feel as though you will be slow longer.
You barely miss the hornet.
The hornet is heavily wounded.
* * * LOW HITPOINT WARNING * * *
You feel very sick. The hornet stings you!
* * * LOW HITPOINT WARNING * * *
You feel as though you will be slow longer.
The hornet stings you!
You die...

##.#### ##.....#
##......#
#.......#
#........##
..........## ....
#......y..## ....
#......@...#
.....
.........###
..... ...#....<#
...... # ##....#
......#####....##
..<.........).##
.......†...)...#
...#........).##
###....)..##


You could see a hornet.

Vanquished Creatures
  Menkaure (D:5)
  Edmund (D:5)
  An ice beast (D:5)
  A sky beast (D:6)
  A black bear (D:6)
  An ogre (D:5)
  A centaur (D:5)
  3 scorpions
  7 hounds
  An orc priest (D:4)
  A gnoll bouda (D:6)
  A sleepcap (D:5)
  5 iguanas
  5 orc wizards
  8 gnolls
  7 adders
  A shadow imp (D:5)
  2 white imps
  3 ufetubi
  A worm (D:3)
  6 dart slugs
  14 orcs
  8 endoplasms
  2 giant cockroaches
  3 goblins
  5 hobgoblins
  10 jackals
  4 quokkas
  6 ball pythons
  5 bats
  5 kobolds
  4 rats
124 creatures vanquished.

Notes
Turn   | Place    | Note
-------+----------+-------------------------------------------
     0 | D:1      | Dawnplanks the Hill Orc Fighter began the quest for the
                  | Orb.
     0 | D:1      | Reached XP level 1. HP: 19/19 MP: 1/1
   186 | D:1      | Reached XP level 2. HP: 27/27 MP: 2/2
   240 | D:1      | Reached skill level 3 in Axes
   702 | D:2      | Reached XP level 3. HP: 33/33 MP: 3/3
   924 | D:2      | Reached skill level 4 in Axes
   961 | D:2      | Reached XP level 4. HP: 19/41 MP: 4/4
  1796 | D:3      | Noticed PiratePeteNZ's ghost (amateur DjCj)
  1805 | D:3      | Found a transporter.
  1966 | D:3      | Found a transporter.
  2228 | D:4      | Reached XP level 5. HP: 47/47 MP: 5/5
  2356 | D:4      | Reached skill level 5 in Axes
  2604 | D:4      | Reached skill level 6 in Axes
  2604 | D:4      | Reached XP level 6. HP: 53/53 MP: 6/6
  2960 | D:4      | Reached skill level 7 in Axes
  3225 | D:5      | Entered Level 5 of the Dungeon
  3233 | D:5      | Reached XP level 7. HP: 58/60 MP: 7/7
  3262 | D:5      | Reached skill level 8 in Axes
  3270 | D:5      | Found a runed translucent gate.
  3271 | D:5      | Found a runed translucent gate.
  3272 | D:5      | Found a runed translucent gate.
  3273 | D:5      | Noticed TWOBALLS's ghost (novice VSFi)
  3375 | D:5      | Reached skill level 5 in Fighting
  3445 | D:5      | Noticed Edmund
  3454 | D:5      | Killed Edmund
  3455 | D:5      | Reached skill level 9 in Axes
  3455 | D:5      | Reached skill level 5 in Armour
  3455 | D:5      | Reached XP level 8. HP: 60/68 MP: 8/8
  3643 | D:5      | Noticed Menkaure
  3648 | D:5      | Killed Menkaure
  3649 | D:5      | Reached skill level 10 in Axes
  4168 | D:5      | Found a staircase to the Ecumenical Temple.
  4176 | Temple   | Entered the Ecumenical Temple
  4575 | D:6      | Reached skill level 11 in Axes
  5102 | D:7      | Reached XP level 9. HP: 60/75 MP: 9/9
  5178 | D:7      | Noticed a hornet
  5188 | D:7      | Paralysed by a hornet for 3 turns
  5194 | D:7      | HP: 3/75 [hornet (9)]
  5194 | D:7      | Mangled by a hornet

Illustrated notes

Levels and vault maps discovered:
D:1:      noname_arrival_rooms_in_the_neighbourhood, layout_basic
D:2:      layout_loops_ring
D:3:      layout_loops_cross, gammafunk_ghost_stat_death
D:4:      layout_basic, dk_noncrumbling_4
D:5:      layout_loops_ring, temple_statues, gammafunk_ghost_split, uniq_edmund,
          uniq_menkaure
D:6:      layout_basic
D:7:      layout_cave_pools, gup_ossuary_entry_pyramid, item_on_display_a,
          uniq_duvessa
Temple:   nicolae_temple_the_god_donut

Skill      XL: |  1  2  3  4  5  6  7  8 |
---------------+-------------------------+-----
Axes           | 3 4 6 7 9 11 | 11.7
Fighting       | 4 5 6 |  6.2
Armour         | 4 5 6 |  6.2
Shields        | 4 |  4.4
Dodging        | |  0.2

Action                     |  1- 3 |  4- 6 |  7- 9 || total
---------------------------+-------+-------+-------++-------
  Melee: War axe           |    64 |   216 |   165 ||   445
  Evoke: Wand              |       |       |     4 ||     4
    Use: Potion            |       |       |     1 ||     1
 Armour: Scale mail        |    16 |    43 |       ||    59
         Plate armour      |       |    99 |   104 ||   203
  Dodge: Dodged            |    35 |    84 |    56 ||   175
  Block: Buckler           |    18 |    59 |    28 ||   105

Table legend: (Time is in decaauts)
 A = Elapsed time spent in this place.
 B = Non-inter-level travel time spent in this place.
 C = Inter-level travel time spent in this place.
 D = Time resting spent in this place.
 E = Time spent auto-exploring this place.
 F = Levels seen in this place.
 G = Mean time per level.
                   A        B        C        D        E       F      G
               +--------+--------+--------+--------+--------+-----+--------+
         Total |   5276 |   5035 |    241 |      0 |   4109 |   8 |  659.5 |
       Dungeon |   5224 |   5033 |    191 |      0 |   4109 |   7 |  746.3 |
        Temple |     51 |      1 |     50 |      0 |      0 |   1 |   51.0 |
               +--------+--------+--------+--------+--------+-----+--------+

Top non-repeatable levels by time:
     D:5: 1049 daAuts
     D:4: 1048 daAuts
     D:3: 845 daAuts
     D:2: 821 daAuts
     D:6: 762 daAuts
     D:1: 586 daAuts
     D:7: 110 daAuts
  Temple: 51 daAuts
